 Dungeon Crawl Stone Soup version 0.28.0-43-g3370ac3207 (webtiles) character file.

Game seed: 1099631445491870655

98 safid the Chopper (level 4, 0/40 HPs)
             Began as a Hill Orc Fighter on Mar 11, 2022.
             Succumbed to a scorpion's poison
             ... on level 2 of the Dungeon.
             The game lasted 00:02:09 (1195 turns).

safid the Chopper (Hill Orc Fighter)                Turns: 1195, Time: 00:02:11

Health: 0/40       AC:  8    Str: 20    XL:     4   Next: 69%
Magic:  4/4        EV:  9    Int:  8    God:
Gold:   76         SH:  4    Dex: 10    Spells: 3/3 levels left

rFire   . . .      SeeInvis .   a - +0 war axe
rCold   . . .      Faith    .   c - +0 buckler
rNeg    . . .      Spirit   .   b - +0 scale mail
rPois   .          Reflect  .   (no helmet)
rElec   .          Harm     .   h - +0 cloak
rCorr   .          Rampage  .   (no gloves)
Will    .....                   (no boots)
Stlth   ..........              (no amulet)
HPRegen 0.13/turn               (no ring)
MPRegen 0.09/turn               (no ring)

@: lethally poisoned (0 -> -1)
A: no striking features
a: no special abilities


You were on level 2 of the Dungeon.
You visited 1 branch of the dungeon, and saw 2 of its levels.

You collected 76 gold pieces.

Inventory:

Hand Weapons
 a - a +0 war axe (weapon)
Armour
 b - a +0 scale mail (worn)
 c - a +0 buckler (worn)
 h - a +0 cloak (worn)
Jewellery
 g - a ring of fire
Scrolls
 e - 2 scrolls of identify
Potions
 d - a potion of might


   Skills:
 - Level 4.0 Fighting
 + Level 4.7 Axes
 - Level 4.0 Armour
 - Level 4.0 Shields


You had 3 spell levels left.
You didn't know any spells.
Your spell library was empty.

Dungeon Overview and Level Annotations

Branches:
Dungeon (2/15)

Altars:


Message History

You feel very sick. The scorpion barely misses you.
You barely miss the scorpion.
The scorpion is almost dead.
You feel sick. You block the scorpion's attack. The scorpion stings you.
You are lethally poisoned!
The scorpion poisons you!
You hit the scorpion.
You kill the scorpion!
* * * LOW HITPOINT WARNING * * *
You feel very sick.
Training target 4.0 for Shields reached!
Training target 4.0 for Armour reached!
Your Axes skill increases to level 4!
Your Armour skill increases to level 4!
Your Shields skill increases to level 4!
You have reached level 4!
* * * LOW HITPOINT WARNING * * *
You feel very sick.
You see here a scorpion corpse.
There is a lethal amount of poison in your body!
Okay, then.
As you read the scroll labelled WEKHLU UMIHEBLALU, it crumbles to dust.
It is a scroll of identify.
f - a scroll of teleportation
* * * LOW HITPOINT WARNING * * *
You feel sick.
As you read the scroll of teleportation, it crumbles to dust.
You feel strangely unstable.
* * * LOW HITPOINT WARNING * * *
You feel sick.
* * * LOW HITPOINT WARNING * * *
You feel sick.
* * * LOW HITPOINT WARNING * * *
You feel sick.
Your surroundings suddenly seem different.
* * * LOW HITPOINT WARNING * * *
You feel sick.
* * * LOW HITPOINT WARNING * * *
You feel sick.
You die...

#..## # # ###.##.
#.†####.## #...#..
#........###.#.†..
#.................
#.#.###...........
#.#.# ##.###.###..
#.#.# #.#.....##.
#.#.# ##.#.....###
#@#.# #(..........
#.#.####.#.....###
#..#.##.##.....###
#.###..#...###....
##.#.##.##.###.###
#.####............#
#.......###########
#######.# #.#


There were no monsters in sight!

Vanquished Creatures
  A scorpion (D:2)
  2 worms (D:2)
  2 dart slugs
  2 bats
  4 endoplasms
  2 giant cockroaches (D:1)
  2 goblins (D:1)
  3 hobgoblins
  2 jackals (D:1)
  2 kobolds
  2 ball pythons (D:1)
  2 frilled lizards (D:1)
  2 rats (D:1)
28 creatures vanquished.

Notes
Turn   | Place    | Note
-------+----------+-------------------------------------------
     0 | D:1      | safid the Hill Orc Fighter began the quest for the Orb.
     0 | D:1      | Reached XP level 1. HP: 19/19 MP: 1/1
   140 | D:1      | Reached XP level 2. HP: 27/27 MP: 2/2
   576 | D:1      | Reached XP level 3. HP: 33/33 MP: 3/3
  1001 | D:2      | Found a faded altar of an unknown god.
  1177 | D:2      | Noticed a scorpion
  1187 | D:2      | Killed a scorpion
  1188 | D:2      | Reached XP level 4. HP: 10/40 MP: 4/4
  1193 | D:2      | HP: 2/40 [poisoned by a scorpion]
  1195 | D:2      | Succumbed to a scorpion's poison

Illustrated notes

Levels and vault maps discovered:
D:1:      dpeg_arrival_round_a, layout_basic
D:2:      layout_loops_ring, shapermc_ecumenical_altar_gd

Skill      XL: |  1  2  3 |
---------------+----------+-----
Axes           | 3 4 |  4.7
Fighting       | 4 |  4.0
Armour         | 4 |  4.0
Shields        | 4 |  4.0

Action                   |  1- 3 |  4- 6 || total
-------------------------+-------+-------++-------
Melee: War axe           |    94 |       ||    94
  Use: Scroll            |       |     2 ||     2
Armor: Scale mail        |    35 |       ||    35
Dodge: Dodged            |    37 |       ||    37
Block: Buckler           |    20 |       ||    20
